 Dungeon Crawl Stone Soup version 0.19.0-17-g07987d3 (webtiles) character file.

305 Larett the Cleaver (level 6, -1/51 HPs)
             Began as a Minotaur Berserker on Nov 10, 2016.
             Was a Follower of Trog.
             Succumbed to a killer bee's poison
             ... on level 5 of the Dungeon.
             The game lasted 00:01:52 (1161 turns).

Larett the Cleaver (Minotaur Berserker)             Turns: 1161, Time: 00:01:53

Health: -1/51      AC:  2    Str: 21    XL:     6   Next: 15%
Magic:  5/5        EV: 12    Int:  4    God:    Trog [*.....]
Gold:   59         SH:  0    Dex: 12    Spells: 0 memorised, 5 levels left

rFire  . . .     SeeInvis .     a - +0 hand axe
rCold  . . .     Gourm    .     b - +0 animal skin
rNeg   . . .     Faith    .     (no shield)
rPois  .         Spirit   .     (helmet restricted)
rElec  .         Reflect  .     (no cloak)
rCorr  .         Harm     .     (no gloves)
MR     .....                    (no boots)
Stlth  +.........               (no amulet)
                                (no ring)
                                (no ring)

@: lethally poisoned (-1 -> -19), exhausted, slowed, very slow
A: retaliatory headbutt, horns 2
a: Berserk, Burn Spellbooks, Renounce Religion


You were on level 5 of the Dungeon.
You worshipped Trog.
Trog was aware of your devotion.
You were not hungry.

You visited 1 branch of the dungeon, and saw 5 of its levels.

You collected 59 gold pieces.

Inventory:

Hand Weapons
 a - a +0 hand axe (weapon)
Missiles
 e - 23 stones (quivered)
 p - 24 sling bullets
Armour
 b - a +0 animal skin (worn)
Jewellery
 h - an uncursed ring of see invisible {unknown}
Scrolls
 d - a scroll of recharging {unknown}
 f - a scroll of noise {unknown}
 i - a scroll of blinking {unknown}
 n - a scroll of remove curse {unknown}
Potions
 g - a potion of agility {unknown}
 j - a potion of heal wounds {unknown}
 l - 2 potions of haste {unknown}
 m - a potion of mutation {unknown}
 o - a potion of degeneration {unknown}
 q - a potion of might {unknown}
Comestibles
 c - 3 bread rations
 k - a meat ration


   Skills:
 - Level 3.6 Fighting
 + Level 8.4 Axes
 - Level 2.4 Armour
 - Level 2.1 Dodging


You had 5 spell levels left.
You didn't know any spells.

Dungeon Overview and Level Annotations

Branches:
Dungeon (5/15)
 Temple: D:4-7

Altars:
Ashenzari
Fedhas
Ru
Xom
The Shining One


Innate Abilities, Weirdness & Mutations

You reflexively headbutt those who attack you in melee.
You have a pair of horns on your head.


Message History

The killer bee stings you.
* * * LOW HITPOINT WARNING * * *
You slash the killer bee! You headbutt the killer bee.
You kill the killer bee!
Trog accepts your kill.
You have reached level 6!
Your experience leads to an increase in your attributes!
Your base attributes are Str 21, Int 4, Dex 11.
Increase (S)trength, (I)ntelligence, or (D)exterity?
You feel agile.
* * * LOW HITPOINT WARNING * * *
You feel sick.
You are too berserk!
* * * LOW HITPOINT WARNING * * *
You feel sick.
You feel a strong urge to attack something.
You are no longer berserk.
You are exhausted.
You feel yourself slow down.
You die...

...##..###...
##.......#..#
#..P.P.#...#
##..._.....##
#...P.P.....#
.#...).†..(#
....#.†# ..##..#
#.##H.## .## #.
#.##...#....
#.#####.......#
#....#.......##
## #........##
#.# ###....#.#
###..####.#####.#
#.....>#..# .#
#.<...#####..


There were no monsters in sight!

Vanquished Creatures
  6 killer bees (D:5)
  A worker ant (D:4)
  An adder zombie (D:5)
  A leopard gecko (D:1)
  A bat (D:1)
  A giant cockroach (D:2)
  A goblin (D:2)
  2 hobgoblins
  3 jackals (D:4)
  A ball python skeleton (D:4)
  A kobold (D:1)
  3 rats (D:2)
22 creatures vanquished.

Notes
Turn   | Place    | Note
-------+----------+-------------------------------------------
     0 | D:1      | Larett the Minotaur Berserker began the quest for the Orb.
     0 | D:1      | Reached XP level 1. HP: 19/19 MP: 0/0
    85 | D:1      | Reached skill level 4 in Axes
   227 | D:2      | Reached XP level 2. HP: 24/26 MP: 1/1
   603 | D:4      | Found a shattered altar of Ashenzari.
   613 | D:4      | Reached skill level 5 in Axes
   613 | D:4      | Reached XP level 3. HP: 20/31 MP: 2/2
  1058 | D:4      | Found a glowing golden altar of the Shining One.
  1064 | D:4      | Found a sacrificial altar of Ru.
  1067 | D:4      | Found a shimmering altar of Xom.
  1126 | D:5      | Entered Level 5 of the Dungeon
  1146 | D:5      | Found a blossoming altar of Fedhas.
  1147 | D:5      | Noticed a killer bee
  1148 | D:5      | Noticed a killer bee
  1148 | D:5      | Noticed a killer bee
  1148 | D:5      | Noticed a killer bee
  1151 | D:5      | Noticed a killer bee
  1151 | D:5      | Noticed a killer bee
  1152 | D:5      | Killed a killer bee
  1152 | D:5      | Reached skill level 6 in Axes
  1152 | D:5      | Reached XP level 4. HP: 39/39 MP: 3/3
  1156 | D:5      | Reached skill level 7 in Axes
  1156 | D:5      | Reached XP level 5. HP: 24/45 MP: 4/4
  1156 | D:5      | HP: 12/67 [killer bee (4)]
  1157 | D:5      | HP: 5/67 [killer bee (6)]
  1158 | D:5      | Reached skill level 8 in Axes
  1158 | D:5      | HP: 2/67 [killer bee (2)]
  1159 | D:5      | Reached XP level 6. HP: 3/51 MP: 5/5
  1161 | D:5      | Succumbed to a killer bee's poison

Skill      XL: |  1  2  3  4  5 |
---------------+----------------+-----
Axes           | 4 5 6 7 8 |  8.4
Fighting       | |  3.6
Armour         | |  2.4
Dodging        | |  2.1

Action                   |  1- 3 |  4- 6 || total
-------------------------+-------+-------++-------
Melee: Hand axe          |    31 |     7 ||    38
       Headbutt          |     5 |     1 ||     6
Invok: Berserk           |     2 |       ||     2
  Eat: Beef jerky        |     1 |       ||     1
       Chunk             |     1 |       ||     1
Armor: Animal skin       |     5 |       ||     5
Dodge: Dodged            |    29 |     9 ||    38
